Map: Flashback EE

Players

Regri

  • Race: Protoss Protoss
  • League: Gold
  • Spawn Location: 7:00

PapiMario

  • Race: Terran Terran
  • League: Bronze
  • Spawn Location: 7:00

Zepol

  • Race: Protoss Protoss
  • League: Silver
  • Spawn Location: 7:00

TATORREA - Winner!

  • Race: Protoss Protoss
  • League: Gold
  • Spawn Location: 11:00

MrFercho - Winner!

  • Race: Zerg Zerg
  • League: Silver
  • Spawn Location: 11:00

tigro - Winner!

  • Race: Terran Terran
  • League: Bronze
  • Spawn Location: 9:00

VOD

Have the link to the VOD?

Description

Time

  • Played on: July 11, 2020, 5:56 p.m.
  • Length: 14:20
Show
View Real Time Build Order
Export as new Build Order

Regri Protoss 

Build Orders: Carriers 

Get SALT Encoding   

  12  0:01  Probe  
  13  0:13  Probe  
  14  0:26  Probe  
  14  0:28  Pylon  
  15  0:42  Probe  
  16  0:50  Probe  
  16  0:54  Gateway  
  17  1:00  Probe  
  17  1:03  Assimilator  
  18  1:12  Probe  
  19  1:20  Pylon  
  19  1:24  Probe  
  20  1:54  Probe  
  21  2:03  Nexus  
  21  2:10  Cybernetics Core  
  21  2:20  Pylon  
  20  2:50  Assimilator  
  20  3:10  Stargate  
  20  3:14  Probe  
  20  3:18  Probe  
  20  3:19  Assimilator  
  22  3:25  Assimilator  
  22  3:26  Probe  
  23  3:30  Probe  
  24  3:39  Probe  
  25  3:42  Probe  
  26  3:51  Probe  
  26  3:54  Probe  
  28  4:01  Probe  
  28  4:04  Probe  
  28  4:09  Probe  
  30  4:12  Probe  
  32  4:17  Probe  
  32  4:20  Probe  
  33  4:25  Probe  
  35  4:32  Probe  
  35  4:34  Fleet Beacon, Probe  
  37  4:39  Stargate  
  37  4:41  Stargate  
  37  4:44  Probe  
  38  5:02  Nexus  
  38  5:06  Pylon  
  38  5:08  Pylon  
  38  5:09  Carrier  
  38  5:11  Pylon  
  38  5:14  Assimilator  
  38  5:19  Assimilator  
  44  5:25  Carrier  
  50  5:37  Probe  
  51  5:44  Probe  
  51  5:49  Probe  
  53  6:01  Carrier  
  59  6:12  Cybernetics Core  
  59  6:17  Forge  
  59  6:19  Protoss Air Weapons Level 1  
  59  6:20  Probe  
  59  6:21  Probe  
  59  6:24  Probe  
  62  6:34  Probe x2  
  62  6:36  Probe  
  65  6:46  Probe x2  
  67  6:52  Carrier  
  73  7:06  Protoss Shields Level 1  
  73  7:13  Probe x3  
  76  7:22  Protoss Air Armor Level 1  
  76  7:25  Probe x3  
  79  7:37  Probe x3  
  79  7:42  Carrier  
  88  7:49  Probe x2  
  90  7:53  Pylon  
  90  8:01  Pylon  
  90  8:06  Pylon  
  90  8:09  Pylon  
  90  8:11  Pylon, Carrier  
  96  8:13  Pylon  
  96  8:24  Carrier  
  102  8:40  Stargate  
  102  8:44  Stargate  
  102  8:45  Stargate  
  102  8:48  Stargate  
  102  8:53  Probe x2  
  102  8:54  Probe, Stargate  
  105  9:05  Carrier, Probe  
  105  9:06  Probe x2  
  114  9:17  Probe  
  114  9:18  Probe  
  114  9:20  Nexus  
  122  9:43  Carrier  
  125  10:07  Carrier  
  118  10:21  Pylon  
  96  10:46  Pylon  
  96  10:48  Carrier x2, Oracle  
  97  11:38  Carrier  
  91  11:41  Carrier  
  79  11:48  Carrier  
  62  12:48  Carrier  
Show
View Real Time Build Order
Export as new Build Order

PapiMario Terran 

Build Orders: Mech 

Get SALT Encoding   

  12  0:02  SCV  
  13  0:17  SCV  
  14  0:29  SCV  
  15  0:35  Supply Depot  
  15  0:37  Refinery  
  15  0:52  Supply Depot  
  15  0:57  SCV  
  16  1:06  Barracks  
  16  1:09  SCV  
  17  1:21  SCV  
  18  1:33  SCV  
  19  1:52  Refinery  
  19  1:53  SCV  
  19  1:54  Supply Depot  
  20  2:11  Barracks Reactor  
  20  2:14  SCV  
  21  2:26  SCV  
  22  2:39  Factory  
  24  3:01  Reaper x2  
  24  3:11  Command Center  
  24  3:12  Orbital Command  
  24  3:32  Marine, Factory Tech Lab  
  24  3:33  Marine  
  26  3:44  Supply Depot  
  26  3:50  Marine  
  26  3:51  Marine  
  28  3:58  SCV  
  29  4:06  Siege Tank  
  29  4:08  Marine  
  29  4:09  Marine  
  34  4:10  SCV  
  35  4:23  Armory  
  35  4:26  Marine x2  
  37  4:38  Siege Tank  
  40  4:44  Marine  
  41  5:25  Terran Vehicle Weapons Level 1  
  41  5:33  Thor, Factory  
  47  5:50  SCV  
  47  5:56  Refinery  
  48  6:02  SCV  
  49  6:14  SCV  
  50  6:24  SCV  
  51  6:26  SCV  
  52  6:38  SCV  
  53  6:49  Thor  
  53  6:50  Command Center, SCV  
  53  6:52  Factory Tech Lab  
  60  7:03  SCV  
  60  7:07  Supply Depot  
  60  7:08  Factory  
  61  7:15  SCV  
  62  7:20  Refinery, Terran Vehicle And Ship Armor Level 1  
  62  7:29  SCV  
  63  7:31  Supply Depot, Thor  
  69  7:41  SCV  
  70  7:52  Thor  
  70  7:53  SCV  
  70  7:54  Supply Depot  
  77  8:12  Factory Tech Lab  
  77  8:19  Orbital Command  
  77  8:29  SCV  
  78  8:43  Thor  
  78  8:47  Thor  
  90  8:50  Thor  
  96  9:02  Supply Depot  
  96  9:13  Terran Vehicle Weapons Level 2  
  96  9:25  Supply Depot  
  96  10:02  SCV  
  57  10:36  Orbital Command  
  51  10:45  Thor  
  54  12:23  Supply Depot  
  54  13:00  Supply Depot  
  54  13:21  Thor  
  54  13:22  Supply Depot, SCV  
  61  13:32  Thor  
  61  13:34  SCV  
  56  13:46  SCV  
  34  13:58  SCV  
Show
View Real Time Build Order
Export as new Build Order

Zepol Protoss 

Build Orders:  

Get SALT Encoding   

  12  0:01  Probe  
  13  0:17  Probe  
  14  0:32  Probe  
  15  0:36  Assimilator  
  15  0:39  Pylon  
  15  0:55  Probe  
  16  0:58  Gateway  
  16  1:04  Probe  
  17  1:13  Probe  
  18  1:43  Probe  
  19  2:04  Probe  
  19  2:06  Cybernetics Core  
  19  2:08  Assimilator  
  20  2:10  Pylon  
  20  2:12  Nexus  
  20  2:28  Assimilator  
  20  2:36  Probe  
  21  2:44  Adept  
  21  2:48  Probe, Stargate  
  24  3:07  Probe  
  25  3:20  Probe  
  25  3:24  Probe  
  27  3:41  Probe  
  27  3:43  Fleet Beacon, Probe  
  27  3:44  Protoss Air Weapons Level 1  
  29  3:53  Assimilator  
  29  3:55  Probe  
  30  4:01  Probe  
  31  4:07  Stargate  
  31  4:11  Probe  
  31  4:15  Pylon  
  32  4:22  Probe  
  33  4:33  Probe  
  33  4:35  Tempest  
  39  4:41  Probe  
  40  4:52  Forge  
  40  4:57  Probe x2  
  42  5:15  Probe x2  
  42  5:17  Tempest  
  49  5:27  Tempest  
  54  5:38  Nexus  
  54  5:39  Protoss Shields Level 1  
  54  5:52  Pylon  
  54  5:56  Pylon  
  54  6:01  Pylon  
  54  6:05  Pylon  
  54  6:10  Probe x2  
  56  6:11  Pylon  
  56  6:21  Tempest  
  56  6:22  Probe x2  
  63  6:35  Tempest  
  68  6:41  Protoss Air Weapons Level 2  
  68  6:44  Assimilator  
  68  6:48  Assimilator  
  68  7:04  Probe x2  
  71  7:08  Probe  
  71  7:13  Tempest  
  76  7:28  Probe  
  76  7:29  Probe x2  
  79  7:38  Stargate  
  79  7:39  Stargate  
  79  7:43  Tempest  
  84  7:55  Twilight Council  
  84  8:09  Tempest  
  84  8:11  Cybernetics Core  
  89  8:13  Probe x3  
  92  8:33  Probe x3  
  95  8:41  Tempest  
  95  8:42  Tempest  
  95  8:43  Nexus  
  95  8:48  Pylon  
  105  8:51  Pylon  
  105  8:55  Pylon  
  105  8:58  Pylon  
  105  9:01  Protoss Shields Level 2  
  105  9:02  Pylon  
  105  9:06  Tempest, Pylon  
  110  9:10  Probe x3  
  113  9:26  Probe x2  
  113  9:28  Tempest  
  113  9:29  Tempest  
  125  9:36  Tempest  
  128  10:24  Tempest x4  
  115  11:21  Tempest  
  113  11:39  Tempest  
  106  11:42  Tempest x2  
  82  11:54  Carrier  
  53  12:10  Probe x2  
  55  12:16  Tempest  
  55  12:22  Tempest  
  58  12:24  Tempest  
  68  12:41  Nexus  
  67  12:57  Assimilator  
  67  13:01  Assimilator  
  52  13:24  Tempest x2  
  52  13:25  Tempest  
Show
View Real Time Build Order
Export as new Build Order

TATORREA Protoss - Winner!

Build Orders: 1 Gate Expand 

Get SALT Encoding   

  12  0:02  Probe  
  14  0:14  Probe  
  14  0:26  Probe  
  14  0:28  Pylon  
  15  0:46  Probe  
  15  0:48  Gateway  
  16  0:58  Probe  
  17  1:06  Probe  
  17  1:07  Assimilator  
  18  1:12  Pylon  
  18  1:14  Probe  
  19  1:27  Probe  
  20  1:39  Probe  
  21  1:41  Nexus  
  21  1:51  Pylon  
  21  1:52  Probe  
  22  2:24  Cybernetics Core  
  22  2:37  Probe  
  22  2:43  Assimilator  
  23  2:45  Probe  
  24  2:54  Probe  
  25  3:06  Probe  
  25  3:09  Probe  
  27  3:12  Stalker  
  27  3:14  Warp Gate  
  27  3:18  Probe  
  30  3:21  Probe  
  30  3:26  Gateway  
  31  3:28  Robotics Facility  
  31  3:39  Pylon  
  31  3:40  Pylon  
  31  3:42  Pylon  
  31  3:44  Probe x2  
  33  3:49  Stalker  
  35  3:56  Probe x2  
  37  4:08  Probe x2  
  39  4:12  Stargate  
  39  4:22  Probe x2  
  41  4:27  Observer  
  41  4:34  Probe x2  
  43  4:40  Assimilator  
  43  4:44  Assimilator  
  43  4:46  Probe x2  
  45  5:05  Probe x2  
  47  5:08  Protoss Air Weapons Level 1  
  47  5:17  Probe x2  
  49  5:21  Nexus  
  49  5:29  Probe x2  
  49  5:31  Nexus  
  51  5:38  Nexus  
  51  5:44  Probe x2  
  53  5:50  Pylon  
  53  5:53  Pylon  
  53  5:56  Probe x2  
  53  5:57  Pylon  
  55  6:04  Pylon  
  55  6:07  Pylon  
  55  6:08  Probe x2  
  57  6:12  Pylon  
  57  6:13  Fleet Beacon  
  57  6:15  Pylon  
  57  6:16  Stalker, Stargate  
  57  6:17  Stargate  
  59  6:20  Probe x2  
  61  6:30  Immortal  
  61  6:32  Probe x2  
  67  6:36  Probe  
  68  6:44  Probe x2  
  68  6:46  Assimilator  
  70  6:48  Probe  
  70  6:50  Assimilator, Phoenix  
  70  6:52  Probe  
  70  6:53  Probe  
  75  6:56  Probe  
  76  7:03  Pylon  
  76  7:07  Probe x2  
  76  7:08  Probe  
  79  7:09  Observer  
  79  7:11  Protoss Air Armor Level 1  
  79  7:14  Pylon  
  79  7:15  Probe x2  
  82  7:18  Stalker  
  82  7:19  Stalker  
  86  7:23  Phoenix x2  
  86  7:24  Phoenix  
  86  7:25  Pylon  
  86  7:27  Anion Pulse-Crystals  
  92  7:37  Forge  
  92  7:39  Forge  
  92  7:40  Probe x2  
  92  7:41  Probe  
  92  7:42  Forge  
  95  7:44  Probe  
  95  7:45  Probe  
  97  7:56  Assimilator  
  97  7:59  Assimilator, Probe x3  
  97  8:00  Probe  
  97  8:01  Probe  
  97  8:04  Stalker x2  
  106  8:11  Probe x2  
  108  8:21  Tempest  
  108  8:22  Tempest  
  108  8:23  Tempest  
  123  8:49  Cybernetics Core  
  123  8:50  Assimilator x2  
  123  8:57  Stalker  
  123  8:58  Stalker  
  127  9:04  Phoenix  
  127  9:05  Phoenix  
  127  9:06  Phoenix  
  127  9:08  Protoss Air Weapons Level 2  
  133  9:19  Protoss Air Armor Level 2  
  133  9:20  Protoss Ground Armor Level 1, Protoss Ground Weapons Level 1, Protoss Shields Level 1  
  133  9:29  Tempest  
  133  9:30  Tempest x2  
  148  9:42  Gateway  
  148  9:44  Gateway  
  148  9:47  Gateway  
  148  9:49  Gateway, Pylon  
  148  9:53  Gateway  
  148  9:58  Gateway  
  148  10:11  Twilight Council  
  148  10:12  Tempest x2  
  148  10:13  Tempest  
  163  10:52  Blink  
  163  10:54  Stalker  
  163  10:55  Stalker x5, Tempest x2  
  163  10:56  Stalker x2, Tempest  
  194  10:58  Immortal  
  198  11:22  Stalker  
  185  11:35  Protoss Air Weapons Level 3  
  177  11:41  Tempest x3  
  174  12:24  Tempest x3  
  189  13:00  Stalker x2  
  189  13:01  Stalker x3  
Show
View Real Time Build Order
Export as new Build Order

MrFercho Zerg - Winner!

Build Orders: Hatch First 

Get SALT Encoding   

  12  0:01  Drone  
  13  0:15  Overlord  
  13  0:18  Drone  
  14  0:33  Drone x2  
  16  0:48  Drone  
  17  1:00  Hatchery  
  16  1:05  Drone x2  
  18  1:19  Extractor  
  18  1:21  Spawning Pool  
  18  1:24  Drone  
  18  1:25  Drone  
  18  1:33  Drone  
  19  1:43  Drone  
  20  1:59  Drone  
  21  2:03  Drone  
  22  2:14  Queen x2  
  26  2:16  Overlord x2  
  26  2:20  Metabolic Boost  
  26  2:31  Drone x2  
  26  2:34  Drone  
  26  2:37  Drone  
  30  3:07  Evolution Chamber  
  30  3:08  Drone x6  
  30  3:09  Evolution Chamber  
  34  3:17  Queen  
  34  3:19  Hatchery  
  35  3:25  Drone x3  
  35  3:26  Drone x2  
  40  3:30  Extractor  
  40  3:31  Extractor  
  38  3:35  Zergling x2  
  39  4:02  Drone x5  
  44  4:09  Zerg Melee Weapons Level 1, Zerg Ground Armor Level 1  
  44  4:17  Hatchery  
  44  4:18  Hatchery  
  44  4:20  Zergling x4  
  44  4:45  Drone x6  
  50  4:50  Extractor  
  50  4:51  Extractor  
  48  4:53  Drone  
  48  4:54  Drone  
  48  4:55  Overlord x4  
  50  5:29  Drone x2  
  50  5:34  Drone x2  
  50  5:35  Drone x2  
  56  5:38  Drone x4  
  56  5:42  Extractor  
  59  5:47  Drone x6  
  59  5:48  Drone x2  
  67  6:01  Baneling Nest  
  67  6:02  Lair  
  66  6:14  Zerg Missile Weapons Level 1  
  66  6:29  Zergling x6  
  66  6:30  Zergling x46  
  66  6:31  Overlord  
  66  6:32  Overlord x2  
  92  6:57  Spore Crawler  
  92  6:58  Spore Crawler  
  92  6:59  Drone x4, Spore Crawler  
  93  7:01  Spore Crawler  
  92  7:15  Baneling x5  
  92  7:16  Baneling x14  
  92  7:17  Baneling x10  
  92  7:20  Zergling x18  
  92  7:21  Zergling x18  
  110  7:27  Zerg Melee Weapons Level 2  
  110  7:29  Nydus Network  
  109  7:33  Spire  
  109  7:34  Spire  
  107  7:38  Centrifical Hooks  
  107  8:07  Drone x2  
  107  8:08  Drone  
  107  8:12  Overlord x9  
  110  8:13  Overlord  
  110  8:22  Hatchery  
  109  8:40  Zergling x2  
  109  8:41  Zergling x30, Infestation Pit  
  124  8:51  Zerg Flyer Armor Level 1, Zerg Flyer Weapons Level 1  
  124  9:30  Nydus Canal  
  124  9:36  Pneumatized Carapace  
  108  10:28  Corruptor x16  
  92  10:29  Corruptor x6  
  113  11:06  Zergling x24  
  113  11:07  Zergling x24  
  137  11:12  Zerg Ground Armor Level 2  
  137  11:14  Hive  
  85  12:04  Corruptor x11  
  107  12:27  Spore Crawler  
  107  12:29  Spore Crawler  
  105  12:53  Greater Spire  
  105  13:02  Ultralisk Cavern  
  104  13:13  Extractor  
  104  13:14  Extractor  
  102  13:25  Drone x11  
  102  13:26  Drone x8  
  102  13:27  Drone  
  122  13:44  Hatchery  
Show
View Real Time Build Order
Export as new Build Order

tigro Terran - Winner!

Build Orders:  

Get SALT Encoding   

  12  0:02  SCV  
  13  0:14  SCV  
  14  0:30  SCV  
  14  0:33  Supply Depot  
  15  0:45  Refinery  
  15  0:55  SCV  
  15  0:56  Supply Depot  
  16  0:59  Barracks  
  16  1:07  SCV  
  17  1:19  SCV  
  18  1:31  SCV  
  19  1:33  Refinery  
  19  1:43  SCV  
  20  1:52  Marine  
  21  1:55  SCV  
  22  2:08  SCV  
  23  2:10  Marine  
  24  2:15  Factory  
  24  2:20  SCV  
  25  2:27  Marine  
  26  2:37  Orbital Command  
  26  2:45  Marine  
  27  3:01  Barracks, Factory Tech Lab  
  27  3:03  Marine  
  28  3:27  Command Center  
  28  3:53  Engineering Bay  
  28  3:55  Barracks Reactor  
  28  3:56  Starport  
  28  3:58  Barracks Tech Lab  
  28  4:07  Siege Tank  
  31  4:34  Starport  
  31  4:38  Refinery  
  31  4:40  Siege Tank  
  31  4:42  Refinery  
  34  4:50  SCV  
  35  5:02  SCV  
  36  5:12  Siege Tank  
  36  5:14  SCV  
  40  5:22  Starport Tech Lab x2  
  40  5:26  SCV  
  41  5:31  Missile Turret  
  41  5:38  SCV  
  42  5:44  Combat Shield  
  42  5:47  Terran Infantry Weapons Level 1  
  42  5:51  SCV  
  42  5:52  Missile Turret  
  43  6:03  SCV  
  44  6:10  Medivac  
  46  6:14  Missile Turret  
  46  6:15  SCV  
  47  6:27  SCV  
  47  6:30  Fusion Core  
  48  6:39  SCV  
  49  6:40  Missile Turret  
  49  6:52  SCV  
  50  7:03  Stimpack  
  50  7:04  SCV  
  50  7:07  Missile Turret  
  51  7:16  SCV  
  51  7:19  Battlecruiser  
  58  7:24  Armory  
  58  7:28  SCV  
  59  7:40  SCV  
  59  7:42  Terran Infantry Armor Level 1  
  60  7:52  SCV  
  60  7:57  Supply Depot, Marine  
  62  8:06  Weapon Refit  
  62  8:19  Marine x3, SCV  
  66  8:20  Supply Depot  
  66  8:31  SCV  
  67  8:36  Marine x3  
  70  8:44  Supply Depot  
  70  8:48  Missile Turret  
  70  8:54  Marine x3  
  73  9:07  Terran Vehicle Weapons Level 1  
  73  9:09  Missile Turret  
  73  9:12  Marine x2  
  75  9:30  Marine  
  76  9:36  Hi-Sec Auto Tracking  
  76  9:40  Battlecruiser  
  76  9:43  Missile Turret  
  82  9:46  Rapid Reignition System  
  82  9:58  Battlecruiser  
  88  10:04  Missile Turret  
  88  10:16  Command Center  
  88  10:27  Missile Turret  
  88  10:32  Terran Infantry Weapons Level 2  
  88  10:49  Missile Turret  
  79  11:01  Terran Vehicle And Ship Armor Level 1  
  62  11:16  Battlecruiser  
  62  11:17  Battlecruiser  
  74  11:33  Refinery, SCV  
  75  11:45  SCV  
  75  11:46  Refinery  
  76  11:57  SCV  
  77  12:09  SCV  
  78  12:21  Battlecruiser x2, SCV  
  91  12:52  Missile Turret  
  91  12:55  Missile Turret x2  
  91  13:11  SCV  
  92  13:16  Missile Turret  
  92  13:17  Missile Turret x2  
  92  13:23  SCV  
  105  13:35  SCV  
  106  13:47  SCV  
  107  13:59  SCV  
Tags
 
Add a new tag
Caveats
  • Supply blocks, unpowered buildings, or Contaminate may cause inaccurate times.
  • Supply counts are checked every 10 seconds.